 Dungeon Crawl Stone Soup version 0.17-a0-1195-g0639cb0 (webtiles) character file.

122 Chiseanne the Skirmisher (level 5, 0/49 HPs)
             Began as a Kobold Fighter on June 2, 2015.
             Blown up by Ijyb (14 damage)
             ... with a wand of disintegration
             ... on level 3 of the Dungeon.
             The game lasted 00:06:54 (1921 turns).

Chiseanne the Skirmisher (Kobold Fighter)           Turns: 1921, Time: 00:06:54

Health: 0/49       AC: 22    Str: 14      XL:     5   Next: 27%
Magic:  0/5        EV:  3    Int: 11      God:
Gold:   145        SH:  9    Dex: 15 (17) Spells: 0 memorised, 4 levels left

rFire  . . .     SeeInvis .     a - +2 dagger (speed)
rCold  . . .     Clarity  .     (armour currently unavailable)
rNeg   + + +     SustAt   .     c - +0 shield
rPois  +         Gourm    .     (helmet currently unavailable)
rElec  .         Spirit   +     (cloak currently unavailable)
rCorr  .         Warding  .     (gloves currently unavailable)
rMut   .         NoTele   +     (boots currently unavailable)
MR     .....                    r - amulet of guardian spirit
Stlth  +.........               (no ring)
                                (no ring)

@: brilliant, tree-form, not resistant to hostile enchantments, very unstealthy
A: carnivore 3
a: no special abilities


You were on level 3 of the Dungeon.
You were completely stuffed.
You were a tree.
You visited 1 branch of the dungeon, and saw 3 of its levels.

You collected 145 gold pieces.

Inventory:

Hand weapons
 a - a +2 dagger of speed (weapon)
 j - a +0 dagger of freezing
 s - a +1 rapier
Missiles
 h - 14 bolts
 o - 36 sling bullets
Armour
 b - a +0 scale mail (melded)
 c - a +0 shield (worn)
 n - a +0 pair of gloves (melded)
Jewellery
 r - an amulet of guardian spirit (around neck)
Scrolls
 k - 2 scrolls of remove curse
Potions
 g - a potion of magic
 p - 2 potions of mutation
Comestibles
 d - 2 chunks of flesh
 e - a meat ration
 f - a beef jerky
 i - 2 royal jellies


   Skills:
 * Level 4.1 Fighting
 - Level 2.6 Short Blades
 * Level 1.5 Throwing
 * Level 3.1 Armour
 * Level 2.2 Dodging
 * Level 3.0 Shields


You had 4 spell levels left.
You didn't know any spells.

Dungeon Overview and Level Annotations

Branches:
Dungeon (3/15)

Altars:
Makhleb
Xom

Annotations:
D:3 Ijyb


Innate Abilities, Weirdness & Mutations

You are small and have problems with some larger weapons.
You are carnivorous and can eat meat at any time.


Message History

Your roots penetrate the ground.
Ijyb zaps a wand.
You are blasted!
* * * LOW HITPOINT WARNING * * *
You barely miss Ijyb.
Ijyb is lightly wounded.
You block Ijyb's attack.
You completely miss Ijyb.
Ijyb is lightly wounded.
You barely miss Ijyb.
Ijyb is lightly wounded.
Ijyb zaps a wand.
You barely resist. You hit Ijyb but do no damage.
Ijyb is lightly wounded.
Ijyb zaps a wand.
You barely resist. You closely miss Ijyb.
Ijyb is lightly wounded.
You hit Ijyb but do no damage.
Ijyb is lightly wounded.
Ijyb screams, "I cut your head off!"
Ijyb zaps a wand.
You are blasted!
You die...

.......## ........#
........### ..........###
............# ............#
..........#.## #
.......####..#######...#
........# ##....♣g.....#
........#########.###...
...........##### .#⌠#..#
........##.....##.###.##
........####............
......................##
..............#.........
####.#........#.####.######
#...........#.# #..##...##


You could see Ijyb.

Vanquished Creatures
  An orc wizard (D:3)
  3 adders (D:2)
  An ooze (D:2)
  A worm (D:3)
  3 orcs (D:3)
  A ball python (D:1)
  7 bats
  4 giant cockroaches
  7 hobgoblins
  4 jackals (D:3)
  3 quokkas
  4 giant geckos
  3 giant newts
  4 goblins (D:2)
  3 kobolds
  10 rats
59 creatures vanquished.

Notes
Turn   | Place    | Note
--------------------------------------------------------------
     0 | D:1      | Chiseanne the Kobold Fighter began the quest for the Orb.
     0 | D:1      | Reached XP level 1. HP: 14/14 MP: 1/1
   163 | D:1      | Found a shimmering altar of Xom.
   269 | D:1      | Reached XP level 2. HP: 19/19 MP: 2/2
   771 | D:2      | Found a burning altar of Makhleb.
   810 | D:2      | Reached XP level 3. HP: 21/24 MP: 3/3
   820 | D:2      | Reached skill level 1 in Dodging
  1054 | D:2      | Reached XP level 4. HP: 26/29 MP: 4/4
  1058 | D:2      | Reached skill level 4 in Fighting
  1058 | D:2      | Reached skill level 1 in Throwing
  1736 | D:3      | Reached XP level 5. HP: 17/33 MP: 2/5
  1906 | D:3      | Noticed Ijyb
  1921 | D:3      | Blown up by Ijyb

Vault maps used:
D:1:      minmay_arrival_diagonal_passages, xom_teletrap_fun
D:2:      nicolae_overflow_crystal_walls, st_stairs_5
D:3:      lemuel_doored_altar, kennysheep_vampire_church, feat_on_display,
          uniq_iyjb

Action                   |  1- 3 |  4- 6 || total
-------------------------+-------+-------++-------
Melee: Rapier            |   124 |    35 ||   159
       Dagger            |       |   132 ||   132
  Use: Potion            |     1 |     5 ||     6
       Scroll            |       |     9 ||     9
  Eat: Chunk             |     9 |     3 ||    12
